 Dungeon Crawl Stone Soup version 0.29-a0-653-gd47aff6735 (webtiles) character file.

Game seed: 16419750750589782999

898 frimble the Grasshopper (level 8, -1/54 HPs)
             Began as an Octopode Warper on June 22, 2022.
             Was a Follower of Ashenzari.
             Slain by an ice beast (14 damage)
             ... on level 6 of the Dungeon.
             The game lasted 00:08:15 (8267 turns).

frimble the Grasshopper (Octopode Warper)           Turns: 8267, Time: 00:08:15

Health: -1/54      AC:  1    Str: 10    XL:     8   Next: 7%
Magic:  9/11       EV: 14    Int: 15    God:    Ashenzari [*.....]
Gold:   343        SH:  0    Dex: 14    Spells: 6/11 levels left

rFire   . . .      SeeInvis .   g - +0 war axe of the Eye in the Sky {venom, Bglg, Elem} (curse)
rCold   . . .      Faith    .   (no shield)
rNeg    + . .      Spirit   .   (helmet restricted)
rPois   .          Reflect  .   (no amulet)
rElec   .          Harm     .   h - ring "Chained Fortune-Teller" {rN+, Elem, Range} (curse)
rCorr   .          Rampage  .   n - ring "Shackled With Me" {Fly, Alch, Evo} (curse)
Will    .....                   (no ring)
Stlth   ++++......              (no ring)
HPRegen 0.18/turn               (no ring)
MPRegen 0.12/turn               (no ring)
                                (no ring)
                                (no ring)

@: on blink cooldown, flying
A: almost no armour, amphibious, 8 rings, camouflage 1, gelatinous body 1,
(nimble swimmer 1), tentacles
a: Renounce Religion, Curse Item, Shatter the Chains


You were on level 6 of the Dungeon.
You worshipped Ashenzari.
Ashenzari was aware of your devotion.
You visited 1 branch of the dungeon, and saw 6 of its levels.

You collected 343 gold pieces.

Inventory:

Hand Weapons
 a - a +0 falchion
 b - a +0 hunting sling
 g - the cursed +0 war axe of the Eye in the Sky (weapon) {venom, Bglg, Elem}
   (You took it off an orc on level 3 of the Dungeon)

   It poisons the flesh of those it strikes.
   It has a curse which improves the following skills: Beguiling: Conjurations,
   Hexes and Translocations.
   Elements:  Fire Magic, Ice Magic, Air Magic and Earth Magic.
 p - a +2 war axe of electrocution
Missiles
 c - 7 boomerangs of dispersal (quivered)
 r - 5 poisoned darts
 t - 2 boomerangs
Jewellery
 h - the cursed ring "Chained Fortune-Teller" (left tentacle) {rN+, Elem, Range}
   (You found it on level 1 of the Dungeon)

   [ring of positive energy]

   rN:        It protects you from negative energy.
   It has a curse which improves the following skills: Elements: Fire Magic, Ice
   Magic, Air Magic and Earth Magic.
   Ranged Combat: Slings, Bows, Crossbows and Throwing.
 n - the cursed ring "Shackled With Me" (right tentacle) {Fly, Alch, Evo}
   (You found it on level 3 of the Dungeon)

   [ring of flight]

   Fly:       It grants you flight.
   It has a curse which improves the following skills: Alchemy: Poison Magic and
   Transmutations.
   Evocations: Evocations.
Wands
 f - a wand of flame (5)
Scrolls
 e - 2 scrolls of blinking
 i - a scroll of silence
 o - a scroll of magic mapping
 q - a scroll of teleportation
 v - 2 scrolls of poison
 w - a scroll of fear
Potions
 d - 3 potions of degeneration
 j - a potion of might
 k - 2 potions of berserk rage
 l - 2 potions of brilliance
 m - a potion of mutation
 s - 3 potions of attraction
 u - a potion of curing


   Skills:
 + Level 3.9 Fighting
 - Level 2.6 Long Blades
 + Level 2.6 Axes
 - Level 1.8(2.8) Slings
 - Level 1.5(2.5) Throwing
 + Level 4.2 Dodging
 + Level 4.4 Stealth
 - Level 2.4 Spellcasting
 + Level 4.6(5.4) Translocations
 + Level 3.0(3.7) Evocations


You had 6 spell levels left.
You knew the following spells:

 Your Spells              Type           Power      Damage    Failure   Level
a - Blink                 Tloc           36%        N/A       3%          2
b - Teleport Other        Tloc           18%        N/A       7%          3

Your spell library contained the following spells:

 Spells                   Type           Power      Damage    Failure   Level
 Gell's Gravitas          Tloc           18%        N/A       7%          3
 Lesser Beckoning         Tloc           18%        N/A       7%          3
 Slow                     Hex            8%         N/A       21%         1
 Confusing Touch          Hex            2%         N/A       52%         3
 Dazzling Flash           Conj/Hex       4%         N/A       52%         3
 Vampiric Draining        Necr           1%         2d6       54%         3
 Manifold Assault         Tloc           18%        N/A       54%         5
 Iskenderun's Mystic Bla  Conj/Tloc      10%        2d4       56%         4
 Starburst                Conj/Fire      1%         6d3       100%        6


Dungeon Overview and Level Annotations

Branches:
Dungeon (6/15)             Temple (0/1) D:5

Altars:
Ashenzari
Dithmenos
Vehumet
Yredelemnul

Shops:
D:5 *

Annotations:
D:5 Pikel


Innate Abilities, Weirdness & Mutations

You cannot wear most types of armour.
You are amphibious.
You can wear up to eight rings at the same time.
Your skin changes colour to match your surroundings (Stealth+).
Your rubbery body absorbs attacks. (AC +1, EV +1)
((You are camouflaged when in or above water. (Stealth+)))
You have tentacles for arms and can constrict up to eight enemies at once.


Message History

The lemure hits you! The lemure hits you but does no damage.
You are too injured to fight recklessly!
You are too injured to fight recklessly!
You are too injured to fight recklessly!
You are too injured to fight recklessly!
You barely miss the lemure. You grab the lemure. You squeeze the lemure.
The lemure is heavily wounded.
You constrict the lemure, but do no damage.
The lemure completely misses you.
You hit the gnoll but do no damage.
The gnoll is poisoned.
You grab the gnoll. You hit the lemure but do no damage.
You barely miss the gnoll. You constrict the lemure. You constrict the gnoll.
The lemure hits you but does no damage.
An ice beast comes into view.
The gnoll hits you with a +0 whip. The gnoll closely misses you.
You hit the gnoll but do no damage.
The gnoll looks even sicker.
You squeeze the gnoll.
The gnoll is moderately wounded.
You hit the lemure.
The lemure looks as sick as possible!
You hit the gnoll.
The gnoll is poisoned.
You constrict the lemure, but do no damage.
You constrict the gnoll.
You kill the lemure!
That felt strangely unrewarding.
The gnoll misses you. The gnoll hits you with a +0 whip.
The gnoll barely misses you. The gnoll hits you but does no damage.
Casting: Blink (safe; 3% risk of failure)
Confirm with . or Enter, or press ? or * to list all spells.
You blink.
You lose your grip on the gnoll.
The ice beast barely misses you.
You completely miss the ice beast. You squeeze the ice beast.
The ice beast is moderately wounded.
The ice beast hits you. The ice beast freezes you!
* * * LOW HITPOINT WARNING * * *
You slash the ice beast!
The ice beast is poisoned.
The ice beast is severely wounded.
You kill the gnoll!
The ice beast hits you.
* * * LOW HITPOINT WARNING * * *
The ice beast freezes you!
You die...

......... ####
#........ ###..##
#........ ##.....#
#........ ##......##
#........
.##........####........
.......@g...##.........
.......Y.....)..#
.........)...##.##
............ยง###.##
.............# #..##
..............###..#
..............# ##.##
.#............# #..##
...[.....# ##..##


You could see an ice beast (very poisoned) and a gnoll (very poisoned).

Vanquished Creatures
  Sigmund (D:3)
  3 lemures
  3 scorpions
  A necrophage (D:5)
  A howler monkey (D:6)
  A hound (D:5)
  A gnoll shaman (D:3)
  2 orc priests (D:5)
  A jelly (D:6)
  2 iguanas (D:5)
  Robin (D:2)
  10 gnolls
  4 adders
  A white imp (D:3)
  2 ufetubi
  2 worms
  A dart slug (D:2)
  12 orcs
  13 ball pythons
  5 endoplasms
  7 giant cockroaches
  7 goblins
  11 hobgoblins
  4 jackals (D:3)
  5 kobolds
  A quokka (D:1)
  3 bats (D:3)
  3 frilled lizards
  2 rats (D:1)
110 creatures vanquished.

Notes
Turn   | Place    | Note
-------+----------+-------------------------------------------
     0 | D:1      | frimble the Octopode Warper began the quest for the Orb.
     0 | D:1      | Reached XP level 1. HP: 14/14 MP: 3/3
   188 | D:1      | Found a faded altar of an unknown god.
   431 | D:1      | Reached XP level 2. HP: 14/19 MP: 5/5
   983 | D:1      | Reached XP level 3. HP: 14/24 MP: 6/6
  1431 | D:2      | Found a broken altar of Ashenzari.
  1480 | D:2      | Became a worshipper of Ashenzari the Shackled
  2248 | D:2      | Noticed Robin
  2813 | D:1      | Learned a level 2 spell: Blink
  3236 | D:2      | Killed Robin
  3237 | D:2      | Reached XP level 4. HP: 5/30 MP: 7/7
  3762 | D:3      | Noticed Sigmund
  3804 | D:3      | Found a shadowy altar of Dithmenos.
  3807 | D:3      | Reached skill level 1 in Stealth
  3888 | D:3      | Learned a level 3 spell: Teleport Other
  4294 | D:3      | Reached XP level 5. HP: 29/35 MP: 2/8
  4568 | D:3      | Reached skill level 1 in Slings
  4701 | D:3      | Killed Sigmund
  4702 | D:3      | Reached skill level 1 in Axes
  4702 | D:3      | Reached skill level 1 in Evocations
  4702 | D:3      | Reached XP level 6. HP: 26/42 MP: 9/9
  4993 | D:3      | Reached * piety under Ashenzari
  6229 | D:4      | Found a basalt altar of Yredelemnul.
  6349 | D:5      | Entered Level 5 of the Dungeon
  6369 | D:5      | Found a radiant altar of Vehumet.
  6455 | D:5      | Reached XP level 7. HP: 27/46 MP: 10/10
  6644 | D:5      | Found Punt's General Store.
  6817 | D:5      | Found a staircase to the Ecumenical Temple.
  7356 | D:6      | Noticed Pikel
  8036 | D:6      | Reached XP level 8. HP: 27/54 MP: 11/11
  8267 | D:6      | Slain by an ice beast

Illustrated notes

Levels and vault maps discovered:
D:1:      dpeg_arrival_fog, layout_basic, basic_ecumenical_altar
D:2:      layout_basic, basic_altar, grunt_decor_mini_mirrors, uniq_robin
D:3:      layout_loops_cross, mainiacjoe_overflow_small_starburst, uniq_sigmund
D:4:      layout_loops_cross, marbit_many_paths
D:5:      layout_gridville, vehumet_crystals, minmay_temple_entry_purple_smoke,
          serial_shops, shop
D:6:      layout_cave_pods, uniq_pikel

Skill      XL: |  1  2  3  4  5  6  7  8 |
---------------+-------------------------+-----
Stealth        | 1 2 3 4 |  4.4
Dodging        | 3 4 |  4.2
Slings         | 1 |  1.8
Fighting       | 3 |  3.9
Axes           | 1 2 |  2.6
Evocations     | 1 2 3 |  3.0
Translocations | 4 |  4.6
Long Blades    | |  2.6
Throwing       | |  1.5
Spellcasting   | |  2.4

Action                   |  1- 3 |  4- 6 |  7- 9 || total
-------------------------+-------+-------+-------++-------
Melee: Falchion          |    64 |    36 |       ||   100
       Constrict         |    20 |    33 |    14 ||    67
       Tentacles         |    18 |    18 |     8 ||    44
       Punch             |     1 |     1 |     1 ||     3
       War axe           |       |    70 |    44 ||   114
 Fire: Hunting sling     |    20 |    13 |       ||    33
 Cast: Blink             |     3 |     3 |     5 ||    11
Invok: Curse Item        |     1 |     2 |       ||     3
Evoke: Wand              |       |     3 |       ||     3
  Use: Scroll            |     6 |     4 |       ||    10
       Potion            |     2 |     1 |       ||     3
 Stab: Sleeping          |     5 |    11 |     6 ||    22
       Distracted        |       |     1 |       ||     1
Armor: Skin              |     6 |     2 |     6 ||    14
Dodge: Dodged            |    62 |    93 |    34 ||   189

Table legend: (Time is in decaauts)
 A = Elapsed time spent in this place.
 B = Non-inter-level travel time spent in this place.
 C = Inter-level travel time spent in this place.
 D = Time resting spent in this place.
 E = Time spent auto-exploring this place.
 F = Levels seen in this place.
 G = Mean time per level.
                   A        B        C        D        E       F      G
               +--------+--------+--------+--------+--------+-----+--------+
         Total |   8351 |   7836 |    515 |    744 |   6010 |   6 | 1391.8 |
       Dungeon |   8351 |   7836 |    515 |    744 |   6010 |   6 | 1391.8 |
               +--------+--------+--------+--------+--------+-----+--------+

Top non-repeatable levels by time:
     D:1: 2150 daAuts
     D:2: 1680 daAuts
     D:4: 1474 daAuts
     D:3: 1355 daAuts
     D:5: 1308 daAuts
     D:6: 382 daAuts
